 Dungeon Crawl Stone Soup version 0.18.1-50-g88ac8fd (console) character file.

79 CALLOUS the Vandal (level 4, -1/38 HPs)
             Began as a Ghoul Hunter on Feb 2, 2019.
             Slain by an iguana (11 damage)
             ... on level 3 of the Dungeon.
             The game lasted 00:33:14 (2685 turns).

CALLOUS the Vandal (Ghoul Hunter)                   Turns: 2685, Time: 00:33:14

Health: -1/38      AC:  4    Str: 16    XL:     4   Next: 38%
Magic:  3/3        EV: 12    Int:  6    God:
Gold:   111        SH:  0    Dex:  9    Spells: 1 memorised, 2 levels left

rFire  . . .     SeeInvis .       - Unarmed
rCold  + . .     Gourm    .     c - +0 leather armour
rNeg   + + +     Faith    .     (no shield)
rPois  ∞         Spirit   .     (no helmet)
rElec  .         Dismiss  .     n - +0 cloak
rCorr  .         Reflect  .     (no gloves)
SustAt .         Harm     .     (no boots)
MR     .....                    (no amulet)
Stlth  +.........               (no ring)
                                (no ring)

@: rotting, not resistant to hostile enchantments, very unstealthy
A: rotting body, claws 1, carnivore 3, cold resistance 1, negative energy
resistance 3, slow regeneration 1, torment resistance, unbreathing
a: no special abilities


You were on level 3 of the Dungeon.
You were not hungry.

You visited 1 branch of the dungeon, and saw 3 of its levels.

You collected 111 gold pieces.

Inventory:

Hand Weapons
 a - a +0 dagger of speed
 b - a +1 hunting sling
 r - a +1 whip of freezing
 u - a +0 short sword
Missiles
 d - 12 sling bullets
 h - 98 stones (quivered)
Armour
 c - a +0 leather armour (worn)
 m - a +0 pair of gloves
 n - a +0 cloak (worn)
Jewellery
 t - an uncursed ring of positive energy {unknown}
Scrolls
 j - 2 scrolls of teleportation {unknown}
 l - a scroll of amnesia {unknown}
 o - a scroll of fear {unknown}
 p - a scroll of magic mapping {unknown}
 s - 3 scrolls of identify {unknown}
 y - a scroll of remove curse {unknown}
 D - a scroll of fog {unknown}
 E - a scroll of blinking {unknown}
Potions
 i - 2 potions of curing {unknown}
 k - a potion of cure mutation {unknown}
 x - a potion of brilliance {unknown}
 z - a potion of berserk rage {unknown}
Books
 v - a book of Geomancy

   Spells                             Type                      Level
   a - Sandblast                      Earth                        1
   b - Passwall                       Transmutation/Earth          2
   c - Stone Arrow                    Conjuration/Earth            3
   d - Petrify                        Transmutation/Earth          4
   e - Lee's Rapid Deconstruction     Earth                        5
Comestibles
 f - 2 meat rations
 w - a slice of pizza
 B - a beef jerky


   Skills:
 * Level 3.2 Fighting
 - Level 3.6 Slings
 + Level 1.0 Armour
 + Level 2.4 Dodging
 + Level 1.2 Stealth
 * Level 1.6 Unarmed Combat
 * Level 0.9 Earth Magic


You had 2 spell levels left.
You knew the following spells:

 Your Spells              Type           Power        Failure   Level  Hunger
a - Sandblast             Erth           #.....       52%         1    ##.....


Dungeon Overview and Level Annotations

Branches:
Dungeon (3/15)

Altars:
Ashenzari

Annotations:
D:2 1 exclusion


Innate Abilities, Weirdness & Mutations

Your body is rotting away.
You thrive on raw meat.
You are immune to poison.
You have sharp fingernails.
You are carnivorous and can eat meat at any time.
Your flesh is cold resistant.
You are immune to negative energy.
You regenerate slowly when monsters are visible.
You are immune to unholy pain and torment.
You can survive without breathing.


Message History

The iguana bites you.
You scratch the iguana.
The iguana is heavily wounded.
The iguana barely misses you.
You scratch the iguana but do no damage.
The iguana is heavily wounded.
The iguana bites you!
You scratch the iguana.
The iguana is heavily wounded.
The iguana bites you.
You barely miss the iguana.
The iguana is heavily wounded.
The iguana bites you!
You scratch the iguana.
The iguana is severely wounded.
The iguana bites you!
* * * LOW HITPOINT WARNING * * *
Eat a chunk of flesh? (ye/n/q/i?) This raw flesh tastes great!
The iguana bites you!
You die...

.# .##.# ....# . . ###.#
### .#... .# ... .....
.# #.# #.#.# .# #.#
#.#.# ## #.# #.#.# # #
#.# #.#.##)###
#######.#######.........
...<............@..####
##########.######l!# #.#
(># #.# (.# #.# (.. #.#
.### #.# .. #.. .#


You could see an iguana.

Vanquished Creatures
  2 adders (D:2)
  2 worms (D:2)
  2 dart slugs (D:1)
  2 giant geckos
  4 bats
  2 giant cockroaches
  7 goblins
  7 hobgoblins
  11 kobolds
  A quokka (D:3)
  4 giant newts
  3 rats (D:2)
47 creatures vanquished.

Notes
Turn   | Place    | Note
--------------------------------------------------------------
     0 | D:1      | CALLOUS the Ghoul Hunter began the quest for the Orb.
     0 | D:1      | Reached XP level 1. HP: 17/17 MP: 0/0
   210 | D:1      | Reached XP level 2. HP: 25/25 MP: 1/1
   252 | D:1      | Reached skill level 1 in Unarmed Combat
   751 | D:1      | Reached XP level 3. HP: 30/30 MP: 2/2
  1133 | D:2      | Found a shattered altar of Ashenzari.
  1229 | D:2      | Learned a level 1 spell: Sandblast
  1625 | D:2      | Reached XP level 4. HP: 12/37 MP: 0/3
  2113 | D:2      | Reached skill level 1 in Armour
  2685 | D:3      | Slain by an iguana

Skill      XL: |  1  2  3  4 |
---------------+-------------+-----
Dodging        | 2 |  2.4
Unarmed Combat | 1 |  1.6
Fighting       | 3 |  3.2
Armour         | 1 |  1.0
Slings         | |  3.6
Stealth        | |  1.2
Earth Magic    | |  0.9

Action                   |  1- 3 |  4- 6 || total
-------------------------+-------+-------++-------
Melee: Unarmed           |    76 |    33 ||   109
       Dagger            |     1 |       ||     1
       Punch             |       |     1 ||     1
 Fire: Hunting sling     |    55 |    23 ||    78
Throw: Stone             |     2 |       ||     2
 Cast: Sandblast         |     1 |     5 ||     6
 Stab: Sleeping          |     1 |       ||     1
  Eat: Chunk             |     9 |     7 ||    16
Armor: Leather armour    |    17 |     9 ||    26
Dodge: Dodged            |    50 |    16 ||    66
